 Dungeon Crawl Stone Soup version 0.28.0-43-g3370ac3207 (webtiles) character file.

Game seed: 2833638088313027591

1106 experimilk the Quickloader (level 8, -8/64 HPs)
             Began as a Kobold Arcane Marksman on Mar 12, 2022.
             Was an Initiate of Okawaru.
             Engulfed by a steam dragon's steam (12 damage)
             ... on level 6 of the Dungeon.
             The game lasted 00:34:59 (11407 turns).

experimilk the Quickloader (KoAM)                  Turns: 11407, Time: 00:34:59

Health: -8/64      AC: 24    Str: 15    XL:     8   Next: 58%
Magic:  3/12       EV:  3    Int: 14    God:    Okawaru [......]
Gold:   146        SH:  0    Dex: 16    Spells: 2/13 levels left

rFire   . . .      SeeInvis .   a - +0 hand crossbow
rCold   . . .      Faith    .   (no shield)
rNeg    . . .      Spirit   .   (armour currently unavailable)
rPois   +          Reflect  .   (helmet currently unavailable)
rElec   .          Harm     .   (cloak currently unavailable)
rCorr   .          Rampage  .   (gloves currently unavailable)
Will    .....      NoTele   +   (boots currently unavailable)
Stlth   +++.......              (no amulet)
HPRegen 0.20/turn               t - +6 ring of strength
MPRegen 0.13/turn               (no ring)

@: tree-form
A: stationary, stasis, torment immunity, boosted hp, small, no large weapons,
nightstalker 3
a: Renounce Religion


You were on level 6 of the Dungeon.
You worshipped Okawaru.
Okawaru was noncommittal.
You were a tree.
You visited 2 branches of the dungeon, and saw 7 of its levels.

You collected 170 gold pieces.
You spent 24 gold pieces at shops.

Inventory:

Hand Weapons
 a - a +0 hand crossbow (weapon)
 b - a +0 short sword
 l - a +0 dagger
 o - a +0 war axe
Missiles
 c - 11 bolts (quivered ammo)
 m - 5 curare-tipped darts
 u - 2 javelins
Armour
 d - a +0 robe (melded)
 f - a +0 leather armour
 g - a +0 pair of gloves of infusion (melded)
 n - a +0 helmet (melded)
 A - the +0 leather armour of Lies {Will+}
   (You found it on level 6 of the Dungeon)

   Will:      It increases your willpower.
Jewellery
 t - a +6 ring of strength (left branch)
Wands
 s - a wand of iceblast (12)
 w - a wand of flame (5)
 x - a wand of digging (5)
 y - a wand of polymorph (6)
Scrolls
 e - a scroll of enchant weapon {unknown}
 h - 2 scrolls of fog {unknown}
 k - a scroll of immolation {unknown}
 p - a scroll of blinking {unknown}
 q - a scroll of fear {unknown}
 v - 4 scrolls of teleportation {unknown}
 B - a scroll of enchant armour {unknown}
Potions
 i - a potion of brilliance
 j - a potion of attraction
 r - 2 potions of lignification
 z - a potion of heal wounds {unknown}


   Skills:
 - Level 1.1 Fighting
 - Level 9.0 Crossbows
 + Level 4.3 Dodging
 - Level 3.0 Stealth
 - Level 3.0 Spellcasting
 + Level 5.0 Hexes


You had 2 spell levels left.
You knew the following spells:

 Your Spells              Type           Power      Damage    Failure   Level
a - Slow                  Hex            64%        N/A       2%          1
b - Inner Flame           Hex/Fire       9%         N/A       22%         3
c - Cause Fear            Hex            8%         N/A       26%         4
d - Portal Projectile     Hex/Tloc       18%        N/A       22%         3

Your spell library contained the following spells:

 Spells                   Type           Power      Damage    Failure   Level
 Conjure Flame            Conj/Fire      2%         6-21      54%         3
 Ignite Poison            Fire/Tmut/Pois 2%         N/A       54%         3
 Sticky Flame             Conj/Fire      2%         2d3       91%         4
 Blade Hands              Tmut           1%         N/A       99%         5
 Excruciating Wounds      Necr           1%         N/A       99%         5


Dungeon Overview and Level Annotations

Branches:
Dungeon (6/15)             Temple (1/1) D:5

Altars:
Ashenzari
Cheibriados
Dithmenos
Elyvilon
Fedhas
Gozag
Hepliaklqana
Kikubaaqudgha
Nemelex Xobeh
Okawaru
Qazlal
Ru
Sif Muna
Trog
Uskayaw
Vehumet
Wu Jian
Xom
Yredelemnul
Zin
The Shining One

Shops:
D:3 ?

Annotations:
D:2 1 runed translucent door, Crazy Yiuf


Innate Abilities, Weirdness & Mutations

You are a tree.
Your roots penetrate the ground, keeping you stationary.
You cannot be teleported.
You are immune to unholy pain and torment.
Your maximum health is greatly increased.
Your equipment is partially melded.
You are small and have problems with some larger weapons.
You are completely attuned to the shadows.


Message History

You are engulfed in a cloud of scalding steam.
The steam dragon bites you. The steam dragon completely misses you.
You hit the steam dragon.
The steam dragon is moderately wounded.
You are engulfed in a cloud of scalding steam.
* * * LOW HITPOINT WARNING * * *
The steam dragon closely misses you. x2
The steam dragon closely misses you.
The steam dragon claws you but does no damage.
Casting: Slow (safe; 2% risk of failure)
Confirm with . or Enter, or press ? or * to list all spells.
Aiming: Slow (safe; 2% risk of failure)
Press: ? - help, Shift-Dir - straight line, f - steam dragon
Aim: a steam dragon (moderately wounded, chance to affect: 55%)
The steam dragon seems to slow down.
a - a +0 hand crossbow (weapon)
The steam dragon bites you!
* * * LOW HITPOINT WARNING * * *
The steam dragon closely misses you.
Really quaff the potion of lignification?
Okay, then.
Really quaff the potion of lignification?
You turn into a tree.
Your +0 helmet melds into your body.
Your +0 pair of gloves of infusion melds into your body.
Your +0 robe melds into your body.
You feel magic leave your hands.
Your roots penetrate the ground.
Fire: 13 bolts
Press: ? - help, Q - select action, (/) - cycle Shift-Dir - straight line, f/p - steam dragon
Aim: a steam dragon (moderately wounded, slow, 67% to hit)
You shoot a bolt.
The bolt closely misses the steam dragon.
The steam dragon breathes steam at you.
The ball of steam hits you but does no damage.
Fire: 12 bolts
Press: ? - help, Q - select action, (/) - cycle Shift-Dir - straight line, f/p - steam dragon
Aim: a steam dragon (steam, moderately wounded, slow, catching its breath, 67% to hit)
You shoot a bolt. The bolt hits the steam dragon.
The steam dragon is heavily wounded.
You are engulfed in a cloud of scalding steam.
You die...

#.≈##.####
####.≈##≈.#
###....###≈≈## ..
###.....## ##≈≈#
...##...###≈..# #.≈##
...#(.....≈≈≈###.#..#
........#......###..#
?...D..###.....# #.##
....♣....#.....###.#
....§.......##.##..#
###.§#........(...##
#..##..........##
.... ^#......###
.#.....## ........#
......### ...#.....##


You could see a steam dragon (slow, catching breath).

Vanquished Creatures
  An ice beast (D:5)
  2 black bears
  An ogre (D:5)
  3 scorpions
  A water moccasin skeleton (D:5)
  A jelly (D:5)
  7 hounds
  An iguana (D:4)
  Terence (D:3)
  2 bullfrog skeletons (D:5)
  A scorpion zombie (D:5)
  A hound zombie (D:5)
  A hound skeleton (D:4)
  2 adders
  3 gnolls (D:3)
  A howler monkey skeleton (D:4)
  2 worms (D:3)
  6 dart slugs
  3 orcs
  6 endoplasms
  A giant cockroach (D:2)
  A goblin (D:3)
  5 hobgoblins
  11 kobolds
  2 quokkas
  3 ball pythons
  3 frilled lizards
  7 rats (D:1)
79 creatures vanquished.

Vanquished Creatures (others)
  3 demonic plants (D:1)
  3 fungi
  2 plants (D:1)
8 creatures vanquished.

Grand Total: 87 creatures vanquished

Notes
Turn   | Place    | Note
-------+----------+-------------------------------------------
     0 | D:1      | experimilk the Kobold Arcane Marksman began the quest for
                  | the Orb.
     0 | D:1      | Reached XP level 1. HP: 12/12 MP: 2/2
    82 | D:1      | Reached skill level 3 in Crossbows
    82 | D:1      | Reached XP level 2. HP: 15/16 MP: 1/3
   574 | D:1      | Found a faded altar of an unknown god.
  1301 | D:1      | Reached skill level 4 in Crossbows
  1301 | D:1      | Reached XP level 3. HP: 4/20 MP: 4/4
  1830 | D:1      | Learned a level 3 spell: Inner Flame
  2220 | D:2      | Identified the -3 helmet of Yesterday {Regen+ rCorr}
  3071 | D:2      | Found a runed translucent door.
  3074 | D:2      | Noticed Crazy Yiuf
  3850 | D:3      | Noticed Terence
  3887 | D:3      | Killed Terence
  3888 | D:3      | Reached skill level 5 in Crossbows
  3888 | D:3      | Reached XP level 4. HP: 22/25 MP: 5/5
  4319 | D:3      | Reached XP level 5. HP: 6/29 MP: 0/6
  4929 | D:3      | Found Zuts's Magic Scroll Boutique.
  4950 | D:3      | Bought a scroll of identify for 24 gold pieces
  4977 | D:3      | Reached skill level 6 in Crossbows
  5788 | D:4      | Noticed an orc warrior
  5861 | D:4      | Noticed a black bear
  6533 | D:4      | Reached XP level 6. HP: 34/34 MP: 6/8
  6736 | D:4      | Learned a level 4 spell: Cause Fear
  7658 | D:4      | Killed a black bear
  7659 | D:4      | Reached skill level 7 in Crossbows
  7659 | D:4      | Reached XP level 7. HP: 22/38 MP: 8/10
  8172 | D:5      | Entered Level 5 of the Dungeon
  9155 | D:5      | Reached skill level 8 in Crossbows
  9386 | D:5      | Reached skill level 1 in Stealth
  9816 | D:5      | Reached XP level 8. HP: 43/43 MP: 10/12
 10461 | D:5      | Found a staircase to the Ecumenical Temple.
 10468 | Temple   | Entered the Ecumenical Temple
 10588 | Temple   | Became a worshipper of Warmaster Okawaru
 11101 | D:6      | Learned a level 3 spell: Portal Projectile
 11118 | D:6      | Identified the +0 leather armour of Lies {Will+}
 11172 | D:6      | Reached skill level 9 in Crossbows
 11222 | D:6      | Reached skill level 5 in Hexes
 11404 | D:6      | HP: 2/43 [steam dragon (10)]
 11407 | D:6      | Engulfed by a steam dragon's steam

Illustrated notes

Levels and vault maps discovered:
D:1:      dpeg_arrival_ratfight, layout_rooms, shapermc_ecumenical_altar_gd,
          lemuel_old_faithful
D:2:      layout_loops_corners, uniq_crazy_yiuf_cottage
D:3:      layout_loops_ring, serial_shops, nicolae_diamond_shop, minivault_24,
          uniq_terence
D:4:      layout_loops_ring
D:5:      layout_basic, temple_pool_b, kennysheep_doodads, minmay_between
D:6:      layout_cave_pools, bloody_makhleb, serial_rivers,
          chequers_serial_rivers_large_b, chequers_serial_rivers_small_b,
          chequers_serial_rivers_micro_e, chequers_serial_rivers_small_a,
          uniq_maggie, uniq_sigmund, uniq_eustachio, uniq_blork_the_orc
Temple:   minmay_crystal_snake_temple

Skill      XL: |  1  2  3  4  5  6  7  8 |
---------------+-------------------------+-----
Crossbows      | 3 4 5 6 7 8 9 |  9.0
Dodging        | 3 4 |  4.3
Spellcasting   | 2 3 |  3.0
Hexes          | 4 5 |  5.0
Stealth        | 2 3 |  3.0
Fighting       | |  1.1

Action                   |  1- 3 |  4- 6 |  7- 9 || total
-------------------------+-------+-------+-------++-------
Melee: Dagger            |    40 |       |       ||    40
       Short sword       |    48 |   155 |    30 ||   233
       Punch             |     1 |     3 |       ||     4
 Fire: Hand crossbow     |    48 |    60 |   100 ||   208
Throw: Dart              |       |       |     1 ||     1
 Cast: Slow              |    32 |    67 |    51 ||   150
Evoke: Wand              |       |     3 |       ||     3
  Use: Potion            |       |     3 |     1 ||     4
       Scroll            |       |     2 |     1 ||     3
 Stab: Sleeping          |     2 |     1 |       ||     3
Armor: Robe              |     9 |    31 |     6 ||    46
       Skin              |       |       |     1 ||     1
Dodge: Dodged            |    61 |   134 |    57 ||   252
